Map: Acropolis LE

Players

TSGNice (Nice) - Winner!

  • Race: Protoss Protoss
  • Spawn Location: 11:00

Vanya

  • Race: Zerg Zerg
  • Spawn Location: 5:00

Event: NationWars 2019

VOD

Have the link to the VOD?

Description

Time

  • Played on: Nov. 16, 2019, 9:22 a.m.
  • Length: 6:51
Show
View Real Time Build Order
Export as new Build Order

TSGNice Protoss - Winner!

Build Orders: 1 Gate Expand, Oracle Opening, Phoenix Opening 

Get SALT Encoding   

  12  0:00  Probe  
  13  0:13  Probe  
  14  0:21  Pylon  
  14  0:25  Probe  
  15  0:39  Probe (Chrono Boost)  
  15  0:40  Gateway  
  17  0:50  Probe (Chrono Boost)  
  17  0:52  Assimilator  
  17  0:55  Probe (Chrono Boost)  
  18  1:05  Probe  
  19  1:19  Probe  
  20  1:28  Nexus  
  20  1:37  Cybernetics Core  
  20  1:44  Assimilator  
  20  1:45  Probe  
  21  1:52  Pylon  
  21  1:57  Probe  
  22  2:09  Probe  
  22  2:11  Adept (Chrono Boost)  
  25  2:21  Probe  
  26  2:26  Stargate  
  26  2:33  Adept  
  26  2:34  Probe (Chrono Boost)  
  26  2:36  Warp Gate  
  29  2:40  Probe (Chrono Boost)  
  31  2:46  Probe (Chrono Boost)  
  31  2:49  Probe (Chrono Boost)  
  32  2:51  Probe (Chrono Boost)  
  32  2:54  Probe (Chrono Boost)  
  34  3:00  Probe  
  34  3:03  Adept  
  37  3:06  Probe  
  37  3:09  Phoenix (Chrono Boost)  
  37  3:12  Probe  
  41  3:18  Probe  
  42  3:22  Gateway  
  43  3:30  Probe  
  44  3:34  Oracle (Chrono Boost)  
  44  3:35  Pylon  
  46  3:52  Adept  
  46  3:53  Probe x2  
  50  3:58  Twilight Council  
  50  3:59  Gateway  
  50  4:01  Pylon  
  50  4:05  Probe  
  50  4:06  Probe  
  50  4:07  Pylon  
  52  4:11  Assimilator  
  52  4:12  Assimilator  
  52  4:17  Probe  
  52  4:18  Probe  
  54  4:27  Adept  
  54  4:29  Probe  
  54  4:30  Probe  
  58  4:32  Adept  
  58  4:36  Pylon, Resonating Glaives (Chrono Boost)  
  60  4:41  Probe  
  60  4:42  Probe  
  62  4:46  Robotics Facility  
  62  4:48  Adept  
  64  4:53  Adept, Probe, Pylon  
  64  4:55  Adept  
  64  4:56  Pylon  
  69  5:15  Adept  
  69  5:16  Adept x2  
  69  5:18  Probe  
  77  5:23  Pylon  
  77  5:25  Pylon  
  71  5:36  Adept  
  71  5:37  Adept x2, Immortal (Chrono Boost)  
  81  5:42  Gateway  
  81  5:45  Gateway  
  81  5:47  Gateway  
  81  5:56  Gateway  
  81  5:57  Gateway  
  81  5:59  Sentry x3  
  87  6:10  Immortal (Chrono Boost)  
  83  6:46  Sentry x6  
Show
View Real Time Build Order
Export as new Build Order

Vanya Zerg 

Build Orders: Hatch First 

Get SALT Encoding   

  12  0:00  Drone  
  13  0:12  Overlord  
  13  0:17  Drone  
  14  0:31  Drone x2  
  16  0:48  Drone  
  17  0:55  Hatchery  
  17  0:56  Drone  
  17  0:58  Drone  
  18  1:10  Extractor  
  17  1:13  Spawning Pool  
  17  1:16  Drone  
  17  1:20  Drone  
  18  1:28  Drone  
  19  1:38  Overlord  
  19  2:00  Queen  
  19  2:01  Zergling x4  
  22  2:06  Queen  
  22  2:07  Drone  
  26  2:12  Drone  
  26  2:13  Metabolic Boost  
  27  2:21  Drone  
  28  2:25  Drone  
  29  2:34  Hatchery  
  28  2:39  Drone  
  28  2:41  Drone  
  30  2:46  Queen  
  32  2:53  Overlord  
  32  2:54  Drone  
  32  2:58  Drone x2  
  34  3:04  Drone  
  36  3:13  Drone x2  
  36  3:17  Drone  
  36  3:18  Drone, Overlord  
  40  3:20  Zergling x6  
  40  3:26  Drone  
  44  3:28  Spore Crawler  
  44  3:30  Drone  
  44  3:33  Overlord  
  44  3:39  Drone  
  45  3:43  Overlord  
  45  3:44  Overlord  
  45  3:45  Drone x2  
  46  3:53  Queen  
  48  4:00  Spore Crawler  
  48  4:02  Drone  
  48  4:03  Drone x2  
  48  4:07  Queen  
  48  4:08  Spore Crawler  
  51  4:11  Drone x3  
  54  4:19  Drone x5  
  59  4:28  Roach Warren, Extractor  
  59  4:29  Extractor  
  56  4:32  Zergling x6  
  56  4:33  Drone x2  
  56  4:35  Drone  
  56  4:37  Drone  
  56  4:38  Drone  
  64  4:39  Drone  
  64  4:47  Lair  
  64  4:51  Drone  
  65  4:57  Drone x2, Overlord  
  65  4:59  Drone  
  69  5:00  Drone, Overlord  
  69  5:06  Overlord x2  
  69  5:08  Roach x2  
  73  5:14  Zergling x2  
  73  5:17  Roach x4  
  81  5:27  Overlord  
  81  5:32  Drone x8  
  89  5:38  Overlord  
  89  5:40  Overlord  
  89  5:42  Drone x4  
  93  5:43  Extractor  
  92  5:52  Extractor  
  92  5:53  Extractor  
  92  5:54  Spire  
  89  5:59  Drone x2  
  89  6:03  Hatchery  
  90  6:08  Drone x9  
  90  6:10  Drone  
  79  6:12  Drone x2  
  76  6:18  Drone x3  
  76  6:21  Drone  
  73  6:27  Ravager  
  62  6:35  Drone x2  
  62  6:38  Drone x2  
Tags
 
Add a new tag
Caveats
  • Supply blocks, unpowered buildings, or Contaminate may cause inaccurate times.
  • Supply counts are checked every 10 seconds.